[Event "Titled Tuesday Blitz May 4 2021"]
[White "Quintiliano Pinto, Renato R."]
[Black "Isajevsky, Anton"]
[WhiteFideId "2117568"]
[BlackFideId "4142500"]
[WhiteElo "2439"]
[BlackElo "2510"]
[Result "1-0"]
[Round "07"]
[TimeControl "180+1"]
[Date "2021.05.04"]
[WhiteClock "0:00:34"]
[BlackClock "0:00:05"]

1. d4 d5 2. c4 e6 3. Nc3 a6 4. cxd5 exd5 5. Bf4 Nf6 6. e3 Bd6 7. Bg5 c6 8. Bd3 Nbd7 9. Qc2 g6 10. Nge2 Nf8 11. h3 Ne6 12. Bh6 Bf8 13. Bxf8 Kxf8 14. O-O Kg7 15. Rad1 b5 16. e4 dxe4 17. Bxe4 Bb7 18. a3 Qb6 19. d5 cxd5 20. Nxd5 Bxd5 21. Bxd5 Rac8 22. Qb3 Nxd5 23. Rxd5 Rc4 24. Rfd1 Rhc8 25. Qg3 Qc7 26. Qe3 Qe7 27. Nd4 Re8 28. Re5 Qf6 29. Nf3 Rec8 30. Rd7 R8c7 31. Rxe6 1-0


[Site "https://www.chess.com"]

[Event "Titled Tuesday Blitz May 4 2021"]
[White "Quirke, Jeffrey"]
[Black "Rorrer, Grayson"]
[WhiteFideId "2013029"]
[BlackFideId "30944996"]
[WhiteElo "2256"]
[BlackElo "2386"]
[Result "1-0"]
[Round "07"]
[TimeControl "180+1"]
[Date "2021.05.04"]
[WhiteClock "0:00:26"]
[BlackClock "0:01:14"]

1. d4 Nf6 2. c4 e6 3. Nc3 Bb4 4. e3 b6 5. Bd2 Bb7 6. Nf3 O-O 7. Bd3 d5 8. cxd5 exd5 9. O-O Nbd7 10. Rc1 c6 11. Ne5 Re8 12. f4 Bxc3 13. Bxc3 c5 14. Be1 Ne4 15. Bxe4 dxe4 16. Nxd7 Qxd7 17. dxc5 Qxd1 18. Rxd1 bxc5 19. Ba5 Ba6 20. Rf2 Bd3 21. Rc1 c4 22. f5 Rab8 23. Bc3 Rb6 24. g4 a5 25. Kg2 a4 26. a3 Rh6 27. Kg3 Rd6 28. h4 f6 29. Kf4 Kf7 30. Rg1 Rd5 31. g5 fxg5+ 32. Rxg5 Rg8 33. h5 Rd6 34. Rfg2 g6 35. fxg6+ hxg6 36. h6 Rdd8 37. h7 Rh8 38. Bxh8 Rxh8 39. Rh2 Kg7 40. Ra5 Kf6 41. Ra6+ Kg7 42. Kg5 1-0


[Site "https://www.chess.com"]

[Event "Titled Tuesday Blitz May 4 2021"]
[White "Quparadze, Giga"]
[Black "Nakamura, Hikaru"]
[WhiteFideId "13602250"]
[BlackFideId "2016192"]
[WhiteElo "2658"]
[BlackElo "2900"]
[Result "1-0"]
[Round "07"]
[TimeControl "180+1"]
[Date "2021.05.04"]
[WhiteClock "0:00:58"]
[BlackClock "0:00:21"]

1. e4 c6 2. d4 d5 3. Nc3 dxe4 4. Nxe4 Nf6 5. Nxf6+ gxf6 6. c3 Bf5 7. Nf3 e6 8. g3 Bg6 9. Bg2 Bd6 10. O-O Nd7 11. c4 O-O 12. d5 Ne5 13. Nxe5 Bxe5 14. dxc6 bxc6 15. Bxc6 Rc8 16. Bg2 Qxd1 17. Rxd1 Rxc4 18. Bh6 Bxb2 19. Bxf8 Bxa1 20. Bh6 Bd4 21. Bf1 Ra4 22. Rc1 Bxf2+ 23. Kxf2 Rxa2+ 24. Ke3 Rc2 25. Rxc2 Bxc2 26. Ba6 f5 27. Kf2 f6 28. Be3 Kf7 29. Bxa7 Bb3 30. Bc5 Ba2 31. Bc8 Bd5 32. Ke3 Ba2 33. Bd7 Bd5 34. Bd6 Ba2 35. Kd4 Kg6 36. Be8+ Kg5 37. Ke3 e5 38. Be7 Bd5 39. Kf2 f4 40. h4+ Kf5 41. gxf4 exf4 42. Bd7+ Kg6 43. Bg4 h5 44. Bd1 Be4 45. Bd6 Bb1 46. Bxf4 Bf5 47. Ke3 Bb1 48. Ba4 Kf7 49. Bc7 Bf5 50. Kf4 Bg4 51. Bc6 Be6 52. Be4 Bb3 53. Bf5 Bc4 54. Ke4 Bb3 55. Kd4 Ba2 56. Kc5 Be6 57. Bxe6+ Kxe6 58. Kd4 Kf5 1-0


[Site "https://www.chess.com"]

[Event "Titled Tuesday Blitz May 4 2021"]
[White "Radu, David Cr."]
[Black "Tokman, Ariel"]
[WhiteFideId "1265717"]
[BlackFideId "117420"]
[WhiteElo "1596"]
[BlackElo "2345"]
[Result "0-1"]
[Round "07"]
[TimeControl "180+1"]
[Date "2021.05.04"]
[WhiteClock "0:00:20"]
[BlackClock "0:00:15"]

1. e4 c5 2. Nc3 Nc6 3. Bb5 e6 4. Bxc6 dxc6 5. f4 b6 6. Nf3 Ne7 7. d3 g6 8. O-O Bg7 9. e5 O-O 10. Ne4 Nf5 11. g4 Nd4 12. c3 Nxf3+ 13. Qxf3 c4 14. d4 Bd7 15. Be3 c5 16. g5 cxd4 17. Bxd4 Bc6 18. Nf6+ Bxf6 19. Qxc6 Be7 20. Rad1 Rc8 21. Qg2 Qc7 22. Rf3 h5 23. gxh6 Kh7 24. f5 exf5 25. Rxf5 Qc6 26. Rf3 Qe6 27. Rdf1 Rc7 28. Rf6 Bxf6 29. Rxf6 Qe7 30. e6 Rc5 31. h4 Rh5 32. exf7 Qe1+ 33. Rf1 Qe6 34. Rf6 Qe1+ 35. Rf1 Qxh4 36. Bg7 Rg5 37. Bxf8 Rxg2+ 38. Kxg2 Qg4+ 39. Kf2 Qf4+ 40. Ke2 Qe4+ 41. Kd2 Qd3+ 42. Ke1 Qe3+ 43. Kd1 Qd3+ 44. Kc1 Qe3+ 45. Kc2 Qe2+ 46. Kc1 Qxf1+ 47. Kc2 Qxf7 48. Kc1 g5 49. Bg7 g4 50. Bd4 Qf3 51. b3 g3 52. bxc4 g2 53. c5 Qf1+ 54. Kb2 g1=Q 55. Bxg1 Qxg1 56. cxb6 Qxb6+ 57. Kc2 Qc6 58. c4 a5 59. Kb2 Qc5 60. Kb3 Qb4+ 61. Kc2 Qxc4+ 62. Kb2 Qb4+ 63. Kc2 Qa3 64. Kd2 Kxh6 65. Ke2 Qxa2+ 66. Kf3 Qe6 67. Kg2 a4 68. Kh2 a3 69. Kg2 a2 70. Kh2 a1=Q 71. Kg3 Qae5+ 72. Kh4 Qf4# 0-1


[Site "https://www.chess.com"]

[Event "Titled Tuesday Blitz May 4 2021"]
[White "Rakotomaharo, Fy Antenaina"]
[Black "Buksa, Nataliya"]
[WhiteFideId "13100050"]
[BlackFideId "14123622"]
[WhiteElo "2378"]
[BlackElo "2214"]
[Result "0-1"]
[Round "07"]
[TimeControl "180+1"]
[Date "2021.05.04"]
[WhiteClock "0:00:08"]
[BlackClock "0:00:26"]

1. e4 c5 2. Nf3 Nc6 3. Bb5 g6 4. Bxc6 dxc6 5. d3 Bg7 6. h3 Nf6 7. O-O Nd7 8. Nc3 e5 9. Be3 b6 10. a3 Nf8 11. b4 Ne6 12. Qd2 f5 13. Bh6 Qf6 14. Bxg7 Qxg7 15. exf5 gxf5 16. Rfe1 Rg8 17. g3 Bd7 18. Nxe5 f4 19. g4 h5 20. Qe2 hxg4 21. hxg4 O-O-O 22. Nxd7 Qxg4+ 23. Qxg4 Rxg4+ 24. Kf1 Kxd7 25. Ne4 Rh4 26. bxc5 f3 27. Ng3 Rdh8 28. Kg1 Nf4 29. Re3 Nh3+ 30. Kf1 Ng5 31. Kg1 Rh2 32. Rae1 Rg2+ 33. Kf1 Rhh2 34. Re7+ Kc8 35. R1e5 Rxf2+ 36. Ke1 Rxc2 37. Kd1 Rhd2+ 38. Ke1 f2+ 39. Kf1 Rc1+ 40. Re1 fxe1=Q+ 0-1


[Site "https://www.chess.com"]

[Event "Titled Tuesday Blitz May 4 2021"]
[White "Ranindu2003"]
[Black "Martinez Lopez, David"]
[BlackFideId "22235779"]
[WhiteElo "2578"]
[BlackElo "2362"]
[Result "1-0"]
[Round "07"]
[TimeControl "180+1"]
[Date "2021.05.04"]
[WhiteClock "0:01:46"]
[BlackClock "0:00:02"]

1. e4 c5 2. Nf3 d6 3. d4 cxd4 4. Nxd4 Nf6 5. Nc3 a6 6. h3 e6 7. g4 Nfd7 8. Bg2 Be7 9. Be3 Nc6 10. O-O O-O 11. b3 Rb8 12. Nce2 Qc7 13. c4 Nxd4 14. Nxd4 Ne5 15. f4 Nc6 16. Rc1 Bd7 17. f5 Bf6 18. Nf3 Ne5 19. g5 Nxf3+ 20. Qxf3 Be5 21. f6 g6 22. Bf4 Bd4+ 23. Kh1 e5 24. Qg3 exf4 25. Qh4 h5 26. Bf3 Qc8 27. Bxh5 Bxh3 28. Rxf4 Be3 29. Bg4 Bxf4 30. Bxc8 Rbxc8 31. Qh6 1-0


[Site "https://www.chess.com"]

[Event "Titled Tuesday Blitz May 4 2021"]
[White "Real De Azua, Ernesto"]
[Black "Hess, Robert"]
[WhiteFideId "108154"]
[BlackFideId "2022036"]
[WhiteElo "2476"]
[BlackElo "2557"]
[Result "0-1"]
[Round "07"]
[TimeControl "180+1"]
[Date "2021.05.04"]
[WhiteClock "0:00:03"]
[BlackClock "0:00:06"]

1. e4 g6 2. d4 Bg7 3. Nc3 a6 4. f4 e6 5. Be3 b5 6. Bd3 Bb7 7. Nf3 f5 8. e5 Ne7 9. O-O Nbc6 10. a3 h6 11. Be2 b4 12. Na4 d6 13. c3 bxc3 14. Nxc3 Qd7 15. Rc1 Nd8 16. Qb3 Nd5 17. Nxd5 Bxd5 18. Bc4 c6 19. Bxd5 exd5 20. exd6 Qxd6 21. Ne5 O-O 22. Qc2 Rc8 23. Bd2 Rf6 24. Bb4 Qc7 25. Qd3 Qb7 26. Rfe1 Ne6 27. g3 a5 28. Bc3 a4 29. Nf3 Bf8 30. Re2 Nc7 31. Rce1 Nb5 32. Re6 Rxe6 33. Rxe6 Qf7 34. Re1 Nd6 35. Ne5 Qg7 36. Qa6 Qc7 37. Nxg6 Ne4 38. Ne5 Bd6 39. Qd3 Kh7 40. Bb4 Rg8 41. Bxd6 Qxd6 42. Kg2 h5 43. Rc1 Qb8 44. Rxc6 Qxb2+ 45. Rc2 Qb3 46. Qe2 Kh6 47. Nf7+ Kg7 48. Ne5 Kf8 49. Rc7 Rxg3+ 50. hxg3 Qxg3+ 51. Kf1 Qxf4+ 52. Qf3 Nd2+ 53. Ke2 Nxf3 54. Rc8+ Ke7 55. Nxf3 Qe4+ 56. Kf2 h4 57. Rc7+ Kd8 58. Rh7 Qc2+ 59. Ke3 f4+ 0-1


[Site "https://www.chess.com"]

[Event "Titled Tuesday Blitz May 4 2021"]
[White "Remizov, Yaroslav"]
[Black "Trent, Lawrence"]
[WhiteFideId "34134015"]
[BlackFideId "408638"]
[WhiteElo "2367"]
[BlackElo "2474"]
[Result "0-1"]
[Round "07"]
[TimeControl "180+1"]
[Date "2021.05.04"]
[WhiteClock "0:00:02"]
[BlackClock "0:01:09"]

1. Nc3 g6 2. e4 Bg7 3. g3 c6 4. Bg2 d6 5. d4 Nf6 6. Nge2 O-O 7. O-O b5 8. a3 a6 9. Re1 Nbd7 10. h3 e5 11. Be3 Qc7 12. Qd2 Bb7 13. Rad1 Rad8 14. dxe5 Nxe5 15. b3 Rfe8 16. f4 Ned7 17. Qxd6 Qxd6 18. Rxd6 Bf8 19. Rd2 Bxa3 20. Red1 Bb4 21. Bd4 Rc8 22. Bxf6 Nxf6 23. e5 Nd5 24. Rd3 f6 25. Nxd5 cxd5 26. c3 Bc5+ 27. Kf1 fxe5 28. Bxd5+ Bxd5 29. Rxd5 exf4 30. Nxf4 Be3 31. R1d3 Bxf4 32. gxf4 Rf8 33. Rf3 Rc6 34. Kg2 Rfc8 35. Rdd3 Rc5 36. Kg3 a5 37. Kg4 a4 38. bxa4 bxa4 39. Rd4 Ra8 40. Rd2 a3 41. Ra2 Rc4 42. Rd3 Kg7 43. h4 h5+ 44. Kg3 Raa4 45. Rf3 Ra5 46. Rd3 Raa4 47. Rd7+ Kh6 48. Rd3 Rxf4 49. c4 Rg4+ 50. Kf3 Raxc4 51. Rdxa3 Rxh4 52. Ra8 Rc3+ 53. Kg2 Rf4 54. R2a5 Rd4 55. Kf2 Rd2+ 56. Ke1 Rb2 57. Kd1 Rg2 58. Rh8+ Kg7 59. Raa8 Rh3 60. Rhg8+ Kf6 61. Rgf8+ Kg5 62. Ra5+ Kh6 63. Rf1 Rhh2 64. Rd5 Ra2 65. Rc5 Ra1+ 66. Rc1 Rxc1+ 67. Kxc1 h4 68. Kd1 Kh5 69. Rf8 Kg4 70. Ke1 g5 71. Kf1 Kg3 72. Kg1 Ra2 73. Rf1 g4 74. Rc1 Rg2+ 75. Kh1 Rf2 76. Rg1+ Kf3 77. Rc1 g3 78. Kg1 Rg2+ 79. Kh1 Rh2+ 80. Kg1 Re2 81. Rc3+ Re3 82. Rc1 h3 83. Rf1+ Kg4 84. Ra1 h2+ 0-1


[Site "https://www.chess.com"]

[Event "Titled Tuesday Blitz May 4 2021"]
[White "Remolar Gallen, Jose"]
[Black "Kostiukov, Alexandr"]
[WhiteFideId "2215187"]
[BlackFideId "14108100"]
[WhiteElo "2203"]
[BlackElo "2240"]
[Result "1-0"]
[Round "07"]
[TimeControl "180+1"]
[Date "2021.05.04"]
[WhiteClock "0:00:09"]
[BlackClock "0:00:02"]

1. d4 g6 2. e4 Bg7 3. Nc3 d6 4. f4 Nf6 5. Nf3 O-O 6. Bd3 c5 7. dxc5 dxc5 8. O-O Nc6 9. Be3 Nd4 10. Ne2 Ng4 11. Bc1 Nxf3+ 12. gxf3 Nf6 13. Be3 b6 14. Qe1 Nh5 15. Rd1 Qc7 16. c3 Bh3 17. Rf2 c4 18. Bc2 Rad8 19. Rxd8 Rxd8 20. Qc1 a6 21. Ng3 Nf6 22. Rd2 h5 23. Qd1 Rxd2 24. Qxd2 h4 25. Ne2 Nh5 26. Qd5 Bh6 27. e5 Be6 28. Qe4 Bf5 29. Qa8+ Kh7 30. Bxf5 gxf5 31. Qxa6 Qd7 32. Qxc4 Qd1+ 33. Kf2 e6 34. Ng1 h3 35. Qe2 Qb1 36. Qd2 Bf8 37. Nxh3 Qh1 38. Ng5+ Kg7 39. Ke2 Qxh2+ 40. Kd3 Qh1 41. Qf2 Be7 42. Kc4 Bxg5 43. fxg5 f4 44. Bxb6 1-0


[Site "https://www.chess.com"]

[Event "Titled Tuesday Blitz May 4 2021"]
[White "Reprintsev, Alexander"]
[Black "Darini, Pouria"]
[WhiteFideId "14100541"]
[BlackFideId "12502200"]
[WhiteElo "2194"]
[BlackElo "2489"]
[Result "1/2-1/2"]
[Round "07"]
[TimeControl "180+1"]
[Date "2021.05.04"]
[WhiteClock "0:00:07"]
[BlackClock "0:00:14"]

1. e4 c5 2. b3 g6 3. Bb2 Nf6 4. e5 Nd5 5. Nc3 Nc7 6. d4 cxd4 7. Qxd4 Nc6 8. Qe3 Ne6 9. O-O-O h5 10. f4 Nxf4 11. e6 Nxe6 12. Kb1 Bh6 13. Qe1 Bg7 14. Nf3 d6 15. Bb5 Bd7 16. Nd5 Bxb2 17. Kxb2 Qa5 18. Bxc6 Qxe1 19. Bxd7+ Kxd7 20. Rhxe1 Rac8 21. c4 h4 22. Nd4 Rh5 23. Nxe6 fxe6 24. Nf4 Rf5 25. Nxe6 Rf2+ 26. Kc3 Rxg2 27. Rd2 Rg4 28. Rde2 b5 29. Nd4 b4+ 30. Kd3 e5 31. Nc2 Rf8 32. Nxb4 Rf3+ 33. Kc2 h3 34. Nd5 Rg2 35. Rxg2 hxg2 36. Rg1 Rf2+ 37. Kd3 Rxa2 38. Ne3 Rb2 39. Kc3 Re2 40. Nxg2 g5 41. Ne1 e4 42. Nc2 Rxh2 43. Rxg5 Rh3+ 44. Kd4 Rxb3 45. Kxe4 Rc3 46. Ne3 Kc6 47. Ra5 Kb6 48. Rb5+ Kc6 49. Kd4 Ra3 50. Nd5 Ra1 51. Nb4+ Kc7 52. Rh5 Rd1+ 53. Nd3 Kc6 54. Kc3 Ra1 55. Nb4+ Kb6 56. Rb5+ Kc7 57. Nd5+ Kc6 58. Ne7+ Kd7 59. Nf5 Kc6 60. Nd4+ Kc7 61. Rd5 Ra6 62. Kb4 Rb6+ 63. Kc3 Ra6 64. Nb5+ Kd7 65. Rh5 Kc6 66. Rd5 Kd7 67. c5 Kc6 68. cxd6 Kd7 69. Rd3 Rc6+ 70. Kb4 a6 71. Nd4 Rxd6 72. Kc5 a5 73. Rh3 Rf6 74. Rh7+ Ke8 75. Kd5 a4 76. Ra7 Rf1 77. Ke5 Re1+ 78. Kd6 Rd1 79. Rxa4 Kf7 80. Ke5 Re1+ 81. Kd5 Kf6 82. Ra8 Rd1 83. Re8 Kf7 84. Re3 Kf6 85. Rf3+ Kg5 86. Ke4 Re1+ 87. Kd5 Rd1 88. Rf2 Kg4 89. Ke4 Re1+ 90. Ne2 Kg5 91. Rg2+ Kf6 92. Kd3 Ke5 93. Nc3 Rf1 94. Rg5+ Kf6 95. Rg2 Kf5 96. Kd4 Rf4+ 97. Ke3 Rc4 98. Rf2+ Ke5 99. Ne2 Ra4 100. Rh2 Ra3+ 101. Kf2 Ra2 102. Rh5+ Ke6 103. Ke3 Ra3+ 104. Ke4 Kf6 105. Nd4 Ra1 106. Rf5+ Kg6 107. Rf2 Re1+ 108. Kf4 Rd1 109. Nf3 Ra1 110. Rd2 Kf6 111. Nd4 Ra4 112. Ke4 Kg5 113. Rg2+ Kf6 114. Rf2+ Kg5 115. Rf8 Kg6 116. Ke5 Ra5+ 117. Kf4 Ra4 118. Rd8 Kf6 119. Rd6+ Ke7 120. Rd5 Kf6 121. Rf5+ Ke7 122. Ke4 Rb4 123. Rh5 Ra4 124. Rh6 Kf7 125. Rc6 Ke7 126. Rb6 Kd7 127. Ke5 Ra5+ 128. Nb5 Ra4 129. Kd5 1/2-1/2


[Site "https://www.chess.com"]

[Event "Titled Tuesday Blitz May 4 2021"]
[White "Rios Parra, Alejandro"]
[Black "Podetti, Davide"]
[WhiteFideId "4400348"]
[BlackFideId "893617"]
[WhiteElo "2188"]
[BlackElo "2131"]
[Result "0-1"]
[Round "07"]
[TimeControl "180+1"]
[Date "2021.05.04"]
[WhiteClock "0:00:01"]
[BlackClock "0:00:20"]

1. e4 e5 2. Nf3 Nc6 3. Bc4 Bc5 4. b4 Bxb4 5. c3 Bd6 6. O-O Nf6 7. Re1 O-O 8. d4 h6 9. Nbd2 Re8 10. a4 b6 11. Bb2 Bb7 12. Qb3 Qe7 13. Qa2 Nh5 14. Bd5 Nf4 15. dxe5 Bxe5 16. Nxe5 Qxe5 17. Bxf7+ Kh7 18. Bxe8 Rxe8 19. Qf7 Nd3 20. Reb1 Re7 21. Qf5+ Qxf5 22. exf5 Re2 23. Nc4 Ba6 24. Ne3 Rxb2 25. Rxb2 Nxb2 26. Nd5 Ne5 27. Nxc7 Bc4 28. Nb5 Nxa4 29. Rxa4 Bxb5 30. Rxa7 Bc6 31. f4 Nd3 32. g3 Kg8 33. Kf1 Kf7 34. Ke2 Nc5 35. Ke3 Kf6 36. g4 Nb7 37. Ra6 Nd6 38. Kd4 b5 39. Rb6 Nc4 40. Rb8 Nd2 41. Rf8+ Ke7 42. Rg8 Kf7 43. Rb8 Nf3+ 44. Kc5 Nxh2 45. g5 hxg5 46. fxg5 Nf3 47. g6+ Ke7 48. Rg8 Kf6 49. Rf8+ Kg5 50. Rf7 Nh4 51. Rxg7 Nxf5 52. Rg8 Kf6 53. c4 bxc4 54. Kxc4 Ne7 0-1


[Site "https://www.chess.com"]

[Event "Titled Tuesday Blitz May 4 2021"]
[White "Rodriguez, Santiago"]
[Black "Lopez Del Alamo, Antonio"]
[WhiteFideId "3000591"]
[BlackFideId "2227339"]
[WhiteElo "2256"]
[BlackElo "2098"]
[Result "1-0"]
[Round "07"]
[TimeControl "180+1"]
[Date "2021.05.04"]
[WhiteClock "0:00:17"]
[BlackClock "0:00:22"]

1. d4 Nf6 2. Bg5 Ne4 3. Bf4 c5 4. f3 Qa5+ 5. c3 Nf6 6. Nd2 cxd4 7. Nb3 Qb6 8. Qxd4 Nc6 9. Qxb6 axb6 10. Nd4 e5 11. Nxc6 exf4 12. Nd4 Bc5 13. Nh3 Bxd4 14. cxd4 Nd5 15. a3 d6 16. g3 Ne3 17. Kf2 Nxf1 18. Nxf4 Nd2 19. Nd5 O-O 20. Nxb6 Ra6 21. Nd5 Be6 22. Nb4 Ra5 23. Rac1 d5 24. Rc7 Rb5 25. Rhc1 Nb3 26. Rd1 Na5 27. e4 dxe4 28. fxe4 Bg4 29. Rd2 Re8 30. Ke3 Nc6 31. Nxc6 bxc6 32. Rxc6 Bf5 33. e5 Be6 34. Rc5 Rb3+ 35. Ke4 f5+ 36. Kf4 h6 37. h4 Ra8 38. Rc3 Rxc3 39. bxc3 Rxa3 40. d5 Bc8 41. c4 Ra4 42. Rd4 Ba6 43. d6 Bc8 44. d7 Bxd7 45. Rxd7 Rxc4+ 46. Kxf5 Rc3 47. g4 Rf3+ 48. Kg6 Rf8 49. Re7 Kh8 50. h5 Ra8 51. e6 Rf8 52. Rf7 Re8 53. e7 Kg8 54. Rxg7+ Kh8 55. Rf7 Kg8 56. Rf8+ Rxf8 57. exf8=Q+ Kxf8 58. Kxh6 Kg8 59. Kg6 Kh8 60. g5 Kg8 61. Kf6 Kh8 62. g6 Kg8 63. g7 Kh7 64. Kf7 Kh6 65. g8=Q Kxh5 66. Qg3 Kh6 67. Qg6# 1-0


[Site "https://www.chess.com"]

[Event "Titled Tuesday Blitz May 4 2021"]
[White "Ronka, Erik"]
[Black "Kanyamarala, Tarun"]
[WhiteFideId "505080"]
[BlackFideId "45004714"]
[WhiteElo "2264"]
[BlackElo "2086"]
[Result "1-0"]
[Round "07"]
[TimeControl "180+1"]
[Date "2021.05.04"]
[WhiteClock "0:00:11"]
[BlackClock "0:00:05"]

1. d4 f5 2. g3 Nf6 3. Bg2 g6 4. c3 Bg7 5. Qb3 e6 6. Nh3 O-O 7. Nf4 Nc6 8. h4 Qe8 9. d5 Ne5 10. Na3 c6 11. dxe6 d5 12. c4 d4 13. c5 Qe7 14. Qb4 Rd8 15. Bd2 a5 16. Qb3 a4 17. Qb4 Bxe6 18. Nxe6 Qxe6 19. O-O Rd7 20. Rfc1 Ne4 21. Be1 d3 22. Bxe4 fxe4 23. Qxe4 d2 24. Bxd2 Rxd2 25. Nc4 Rd1+ 26. Rxd1 Qxc4 27. Qe3 Rf8 28. Rac1 Qf7 29. Rd6 Ng4 30. Qf3 Nf6 31. Rcd1 Nd5 32. Qxf7+ Rxf7 33. e4 Ne7 34. b3 axb3 35. axb3 Be5 36. Rd8+ Kg7 37. R8d7 Bc3 38. Rxb7 Kf6 39. Rdd7 Ke5 40. Rxe7+ Rxe7 41. Rxe7+ Kd4 42. Rxh7 Kxe4 43. Rc7 Kd5 44. Rf7 Kxc5 45. g4 1-0


[Site "https://www.chess.com"]

[Event "Titled Tuesday Blitz May 4 2021"]
[White "Roque Sola, Gisela"]
[Black "Nadeev, Sergey"]
[WhiteFideId "5120241"]
[BlackFideId "4180038"]
[WhiteElo "1863"]
[BlackElo "2369"]
[Result "1/2-1/2"]
[Round "07"]
[TimeControl "180+1"]
[Date "2021.05.04"]
[WhiteClock "0:00:10"]
[BlackClock "0:01:39"]

1. c4 e5 2. Nc3 Nf6 3. Nf3 Nc6 4. g3 d5 5. cxd5 Nxd5 6. d3 Be7 7. Bg2 Nb6 8. O-O O-O 9. a3 Be6 10. b4 f5 11. b5 Nd4 12. Nxe5 Bf6 13. f4 Nb3 14. Rb1 Qd4+ 15. e3 Qxc3 16. Bb2 Qa5 17. Bxb7 Rae8 18. Bc6 Rd8 19. d4 Qa4 20. Bg2 Bxe5 21. fxe5 Na5 22. Qc1 Qc4 23. Qxc4 Naxc4 24. Rfc1 Nd2 25. Ra1 Nb3 26. Rxc7 Nxa1 27. Bxa1 Rf7 28. Rc6 Bd5 29. Bxd5 Nxd5 30. a4 Nxe3 31. a5 Rb7 32. b6 axb6 33. axb6 Nd5 34. e6 1/2-1/2


[Site "https://www.chess.com"]

[Event "Titled Tuesday Blitz May 4 2021"]
[White "Rostovtsev, Dmitry"]
[Black "Pinto, Daniel"]
[WhiteFideId "34278320"]
[BlackFideId "3303144"]
[WhiteElo "2197"]
[BlackElo "1936"]
[Result "0-1"]
[Round "07"]
[TimeControl "180+1"]
[Date "2021.05.04"]
[WhiteClock "0:00:41"]
[BlackClock "0:00:12"]

1. e4 c5 2. Nf3 Nc6 3. d4 cxd4 4. Nxd4 Nf6 5. Nc3 e5 6. Ndb5 h6 7. Nd6+ Bxd6 8. Qxd6 Qe7 9. Qxe7+ Kxe7 10. Bd2 d6 11. O-O-O Be6 12. f3 Rhc8 13. Kb1 a6 14. Be3 b5 15. g4 b4 16. Na4 Nd7 17. b3 Na5 18. Be2 Nb7 19. h4 Nbc5 20. Nb2 Nb6 21. h5 d5 22. Bxc5+ Rxc5 23. Nd3 Rc3 24. Nxb4 d4 25. Nxa6 Re3 26. Rd2 Rc8 27. Nb4 Nd7 28. Nd3 f6 29. a4 Nb8 30. Kb2 Rc3 31. a5 Bc8 32. Ra1 Ba6 33. Nb4 Bxe2 34. Nd5+ Ke6 35. Nxe3 Rxe3 36. Re1 Bxf3 37. Rxe3 dxe3 38. Rd3 e2 39. Re3 Bxg4 40. b4 f5 41. exf5+ Kxf5 42. b5 Kf4 43. Rxe2 Bxe2 44. a6 Nxa6 45. b6 Bf3 46. c4 Bc6 47. Kc3 Ke4 48. c5 Kd5 0-1


[Site "https://www.chess.com"]

[Event "Titled Tuesday Blitz May 4 2021"]
[White "Royal, Shreyas"]
[Black "Degtiarev, Evgeny"]
[WhiteFideId "448869"]
[BlackFideId "4149610"]
[WhiteElo "1931"]
[BlackElo "2218"]
[Result "1-0"]
[Round "07"]
[TimeControl "180+1"]
[Date "2021.05.04"]
[WhiteClock "0:01:36"]
[BlackClock "0:00:04"]

1. d4 d5 2. c4 c6 3. Nf3 Nf6 4. Nc3 a6 5. c5 Bf5 6. Bf4 Nbd7 7. h3 Ne4 8. e3 e6 9. Bd3 Be7 10. Qc2 Nxc3 11. Bxf5 exf5 12. bxc3 g6 13. g4 fxg4 14. hxg4 Nf6 15. Be5 Rg8 16. g5 Ne4 17. Rxh7 Nxg5 18. Nxg5 Bxg5 19. O-O-O Qa5 20. Qb2 Qb5 21. Rdh1 Be7 22. Rh8 O-O-O 23. R8h7 Rdf8 24. Qxb5 axb5 25. a4 bxa4 26. Kb2 Kd7 27. Ka3 Ke6 28. Kxa4 Ra8+ 29. Kb3 f6 30. Bc7 g5 31. Rb1 g4 32. Bg3 Ra7 33. Rb2 Rga8 34. Kc2 Ra2 35. Rh4 f5 36. Rh6+ Kd7 37. Rh7 Rxb2+ 38. Kxb2 Ke6 39. Rh1 Ra4 40. Rb1 Ra7 41. Kc2 Ra2+ 42. Kd3 Ra7 43. Rb2 Bd8 44. Bb8 Ra3 45. Rxb7 Ba5 46. Rh7 Rxc3+ 47. Ke2 Rc2+ 48. Kf1 g3 49. Bxg3 Rc1+ 50. Kg2 Rc2 51. Rh6+ Kf7 52. Rxc6 Bb4 53. Rb6 1-0


[Site "https://www.chess.com"]

[Event "Titled Tuesday Blitz May 4 2021"]
[White "Rozhkov, Viacheslav"]
[Black "Reinaldovera"]
[WhiteFideId "4181484"]
[WhiteElo "2324"]
[BlackElo "2297"]
[Result "1-0"]
[Round "07"]
[TimeControl "180+1"]
[Date "2021.05.04"]
[WhiteClock "0:00:11"]
[BlackClock "0:00:01"]

1. e4 c5 2. Nf3 d6 3. d4 cxd4 4. Nxd4 Nf6 5. Nc3 e6 6. g4 h6 7. Bg2 Nc6 8. h3 Bd7 9. O-O g5 10. Be3 a6 11. Qe2 Ne5 12. Rad1 Qc7 13. Bc1 Be7 14. f4 gxf4 15. Bxf4 O-O-O 16. Nb3 Rdg8 17. Qf2 Kb8 18. Rd2 Be8 19. Rfd1 Nfd7 20. Rd4 h5 21. g5 Bxg5 22. Rxd6 Bxf4 23. Qxf4 Rg6 24. Kh1 Rhg8 25. R6d2 Nc4 26. Qxc7+ Kxc7 27. Rf2 Rxg2 28. Rxg2 Rxg2 29. Kxg2 Ne3+ 30. Kg3 Nxd1 31. Nxd1 f6 32. Nd4 Kd6 33. Ne3 Bg6 34. c3 Bxe4 35. Nc4+ Ke7 36. Kh4 Bd5 37. Ne3 Bxa2 38. Kxh5 b5 39. Kg6 f5 40. h4 f4 41. Ng4 Bb1+ 42. Kg7 e5 43. Ne2 f3 44. Ng3 e4 45. h5 Ke6 46. h6 e3 47. Nxe3 Ne5 48. h7 Bxh7 49. Kxh7 f2 50. Ne4 Nc4 51. Nf1 Nxb2 52. Nxf2 Na4 53. Nd1 Kd5 54. Nd2 Kc5 55. Kg6 Nxc3 56. Nxc3 b4 57. Nce4+ Kd4 58. Kf5 a5 59. Nb3+ Kd3 60. Nxa5 1-0


[Site "https://www.chess.com"]

[Event "Titled Tuesday Blitz May 4 2021"]
[White "Rustemov, Alexander"]
[Black "Zhurbinsky, David"]
[WhiteFideId "4119002"]
[BlackFideId "2072904"]
[WhiteElo "2619"]
[BlackElo "2474"]
[Result "1-0"]
[Round "07"]
[TimeControl "180+1"]
[Date "2021.05.04"]
[WhiteClock "0:00:28"]
[BlackClock "0:00:34"]

1. d4 Nf6 2. c4 e6 3. Nf3 Bb4+ 4. Bd2 Qe7 5. g3 O-O 6. Bg2 d5 7. Qc2 Bxd2+ 8. Nbxd2 c6 9. O-O Nbd7 10. e4 dxe4 11. Nxe4 Nxe4 12. Qxe4 Nf6 13. Qe3 Rd8 14. Rfe1 Bd7 15. Ne5 Be8 16. Rad1 Rac8 17. c5 Nd5 18. Qa3 Qc7 19. Nc4 b6 20. Nd6 Rb8 21. h4 a5 22. Rd2 b5 23. Be4 Nf6 24. Bb1 b4 25. Qe3 Rxd6 26. cxd6 Qxd6 27. Qe5 Qxe5 28. dxe5 Nd5 29. Rc1 Kf8 30. Rc5 Ke7 31. Rxa5 Rb7 32. Be4 Nb6 33. Rc2 Rc7 34. Rac5 Na4 35. Ra5 c5 36. Bd3 f6 37. exf6+ gxf6 38. Bb5 Bxb5 39. Rxb5 Kd6 40. Rb8 c4 41. Rxb4 Nc5 42. Rbxc4 Na6 43. Rxc7 Nxc7 44. Rxc7 Kxc7 45. Kg2 h5 46. Kf3 f5 47. Kf4 Kd6 48. a4 e5+ 49. Kxf5 Kd5 50. a5 Kd4 51. a6 e4 52. a7 e3 53. fxe3+ Kxe3 54. a8=Q Kf2 55. Kf4 Kg1 56. Qf3 Kh2 57. Qe2+ Kh3 58. Qxh5 Kg2 59. b4 Kh3 60. b5 Kg2 61. b6 Kh3 62. b7 Kh2 63. b8=Q Kh3 64. Qc8+ Kg2 65. Qe2+ Kh1 66. Qc1# 1-0


[Site "https://www.chess.com"]

[Event "Titled Tuesday Blitz May 4 2021"]
[White "Rytenko, Vsevolod"]
[Black "Klimkowski, Jan"]
[WhiteFideId "14133040"]
[BlackFideId "21856222"]
[WhiteElo "2228"]
[BlackElo "1903"]
[Result "0-1"]
[Round "07"]
[TimeControl "180+1"]
[Date "2021.05.04"]
[WhiteClock "0:00:18"]
[BlackClock "0:01:53"]

1. d4 Nf6 2. Nc3 d5 3. Bg5 e6 4. e4 dxe4 5. Nxe4 Nbd7 6. Nxf6+ Nxf6 7. Nf3 Be7 8. c3 O-O 9. Bd3 b6 10. Qe2 Bb7 11. O-O-O Qd5 12. Kb1 Qa5 13. Bxf6 Bxf6 14. Be4 Bd5 15. Bxd5 exd5 16. g4 Rfe8 17. Qd3 g6 18. h4 Re4 19. g5 Bg7 20. h5 Rae8 21. hxg6 hxg6 22. Nh2 c5 23. Qh3 cxd4 24. cxd4 Re2 25. Qd7 Qb4 26. b3 Qc3 0-1


[Site "https://www.chess.com"]

[Event "Titled Tuesday Blitz May 4 2021"]
[White "Salinas Herrera, Pablo"]
[Black "AldokhinIvan"]
[WhiteFideId "3407128"]
[WhiteElo "2541"]
[BlackElo "2534"]
[Result "1-0"]
[Round "07"]
[TimeControl "180+1"]
[Date "2021.05.04"]
[WhiteClock "0:01:01"]
[BlackClock "0:00:01"]

1. d4 Nf6 2. Bf4 d6 3. Nc3 Nc6 4. d5 Ne5 5. e4 a6 6. a4 g6 7. Qd2 h5 8. h3 Bg7 9. Be3 O-O 10. f4 Ned7 11. Nf3 Nc5 12. Ng5 e6 13. Bxc5 dxc5 14. dxe6 Bxe6 15. Nxe6 Qxd2+ 16. Kxd2 fxe6 17. Bc4 Rad8+ 18. Ke3 Kh7 19. Bxe6 Bh6 20. Raf1 h4 21. Bg4 b5 22. e5 Ng8 23. axb5 axb5 24. Nxb5 Ne7 25. Nxc7 Nd5+ 26. Nxd5 Rxd5 27. e6 Kg7 28. c3 Re5+ 29. Kd3 1-0


[Site "https://www.chess.com"]